 Dungeon Crawl Stone Soup version 0.20-a0-261-gcb1eca7 (webtiles) character file.

285226 feito the Swashbuckler (level 21, -8/153 HPs)
             Began as a Halfling Berserker on Dec 2, 2016.
             Was the Champion of Trog.
             Mangled by Mennas
             ... wielding a +3 trishula of holy wrath
              (9 damage)
             ... on level 2 of the Vaults on Dec 3, 2016.
             The game lasted 04:22:46 (43675 turns).

feito the Swashbuckler (Halfling Berserker)        Turns: 43675, Time: 04:22:47

Health: -8/153     AC: 20    Str: 22    XL:     21   Next: 48%
Magic:  0/26       EV: 27    Int:  6    God:    Trog [******]
Gold:   3562       SH: 16    Dex: 24    Spells: 20/20 levels left

rFire  + + .     SeeInvis +     b - +7 captain's cutlass {speed, disarm}
rCold  + . .     Gourm    .     S - +2 ring mail {rF+}
rNeg   + + +     Faith    .     z - +1 shield {reflect}
rPois  .         Spirit   +     V - +0 hat {Spirit}
rElec  .         Reflect  +     O - +2 cloak
rCorr  +         Harm     .     x - +1 pair of gloves
MR     ++...     NoTele   +     L - +2 pair of boots of the Assassin {DetectMon Stab+ Stlth++}
Stlth  +++.......               o - amulet "Did Ming" {+Rage rF+ rC+ Slay+2}
                                Y - ring "Seut" {-Tele rN++ Str+4 Int+5}
                                h - ring of Suspected Treachery {rCorr +Inv rN++ MR+ Int-4 SInv}

@: hasted, glowing, silenced, very quick
A: mutation resistance 1
}: 2/15 runes: decaying, gossamer
a: Renounce Religion, Evoke Berserk Rage, Evoke Invisibility


You were on level 2 of the Vaults.
You worshipped Trog.
Trog was exalted by your worship.
You were not hungry.

You visited 7 branches of the dungeon, and saw 36 of its levels.
You also visited: Ossuary, Bailey and Ice Cave.

You collected 3731 gold pieces.
You spent 169 gold pieces at shops.

Inventory:

Hand Weapons
 b - the +7 captain's cutlass (weapon) {speed, disarm}
   (Trog gifted it to you on level 2 of the Orcish Mines)

   Attacks with this weapon are significantly faster.
 d - a +8 rapier of flaming
 i - the +3 rapier "Qiubad" {freeze, +Fly}
   (Trog gifted it to you on level 1 of the Vaults)

   It has been specially enchanted to freeze those struck by it, causing extra
   injury to most foes and up to half again as much damage against particularly
   susceptible opponents.
   It can also slow down cold-blooded creatures.
   It lets you fly.
 l - a +9 quick blade of protection
Missiles
 C - 169 sling bullets
 H - 27 tomahawks (quivered)
Armour
 x - a +1 pair of gloves (worn)
 z - a +1 shield of reflection (worn)
 L - the +2 pair of boots of the Assassin (worn) {DetectMon Stab+ Stlth++}
   (You found it on level 6 of the Dungeon)

   It makes you much more stealthy.
 O - a +2 cloak (worn)
 S - a +2 ring mail of fire resistance (worn)
 V - a +0 hat of spirit shield (worn)
 W - the +9 plate armour of the Comet {rPois}
   (You found it on level 3 of the Elven Halls)

   It protects you from poison.
Jewellery
 h - the ring of Suspected Treachery (left hand) {rCorr +Inv rN++ MR+ Int-4 SInv}
   (You took it off a deep elf blademaster on level 3 of the Elven Halls)

   [ring of resist corrosion]

   It affects your intelligence (-4).
   It greatly protects you from negative energy.
   It affects your resistance to hostile enchantments.
   It lets you see invisible.
   It lets you turn invisible.
 j - an uncursed amulet of the gourmand
 o - the amulet "Did Ming" (around neck) {+Rage rF+ rC+ Slay+2}
   (You found it on level 2 of the Spider Nest)

   [amulet of rage]

   It affects your accuracy and damage with ranged weapons and melee attacks
   (+2).
   It protects you from fire.
   It protects you from cold.
   It lets you go berserk.
 I - an uncursed amulet of regeneration
 Y - the ring "Seut" (right hand) {-Tele rN++ Str+4 Int+5}
   (You took it off a deep elf elementalist on level 3 of the Elven Halls)

   [ring of strength]

   It affects your strength (+4).
   It affects your intelligence (+5).
   It greatly protects you from negative energy.
   It prevents most forms of teleportation.
Wands
 e - a wand of digging (14/24)
 f - a wand of polymorph (23/24)
 N - a wand of enslavement (24/24)
Scrolls
 g - 4 scrolls of blinking
 n - 7 scrolls of enchant armour
 r - 8 scrolls of fear
 s - 21 scrolls of remove curse
 u - 2 scrolls of identify
 w - 10 scrolls of teleportation
 A - 4 scrolls of enchant weapon
 G - 4 scrolls of magic mapping
 P - 3 scrolls of silence
 X - 5 scrolls of fog
Potions
 a - a potion of invisibility
 k - 7 potions of might
 m - 2 potions of haste
 p - 16 potions of curing
 q - 3 potions of flight
 t - a potion of resistance
 K - 2 potions of agility
 Z - a potion of cure mutation
Miscellaneous
 v - a phial of floods
 y - a disc of storms
 D - a fan of gales
 R - a lamp of fire
Comestibles
 c - 8 bread rations
 J - 15 meat rations
 T - 4 fruits


   Skills:
 * Level 15.9 Fighting
 * Level 20.5 Short Blades
   Level 16.5 Slings
 + Level 15.0 Armour
 + Level 14.1 Dodging
 + Level 12.9 Stealth
 * Level 12.4 Shields
 - Level 7.0 Evocations


You had 20 spell levels left.
You didn't know any spells.

Dungeon Overview and Level Annotations

Branches:
Dungeon (15/15)            Temple (0/1) D:7            Lair (6/6) D:10
  Swamp (4/4) Lair:3       Spider (4/4) Lair:2        Slime (0/5) Lair:6
    Orc (2/2) D:9             Elf (3/3) Orc:2        Vaults (2/5) D:14
 Depths (0/5) D:15
  Crypt: Vaults:2-3

Altars:
Dithmenos
Fedhas
Nemelex Xobeh
Okawaru
Ru
Sif Muna
Trog
Zin
Beogh

Shops:
D:4 !   D:8 (   D:12 !   D:15 *   Orc:2 =*[(

Annotations:
Vaults:2 Mennas
Abyss:1 Pikel


Innate Abilities, Weirdness & Mutations

You are small and have problems with some larger weapons.
You are somewhat resistant to further mutation.


Message History

Mennas hits you from afar with a trishula of holy wrath.
* * * LOW HITPOINT WARNING * * *
Mennas misses you.
You feel less confused.
Mennas gestures frantically.
Mennas's surroundings become eerily quiet.
You block Mennas's attack. Mennas completely misses you. Mennas misses you.
Mennas hits you but does no damage.
Mennas hits you from afar with a trishula of holy wrath.
* * * LOW HITPOINT WARNING * * *
Mennas hits you from afar with a trishula of holy wrath.
* * * LOW HITPOINT WARNING * * *
There is an open door, spattered with blood here.
Mennas closely misses you. Mennas hits you but does no damage.
Mennas hits you from afar with a trishula of holy wrath!
* * * LOW HITPOINT WARNING * * *
Mennas misses you. Mennas closely misses you. You block Mennas's attack.
You feel yourself speed up. Mennas completely misses you. Mennas misses you.
Mennas hits you from afar with a trishula of holy wrath!
You die...

#...#...# ######### ##....
####.#### #..... ##.## ##.....
#...# #...... #...# #......
###########'##############.......
..................#......+.......
..................#......###.....
................@.#......# ###...
....(.............#......# ###.
.........(........A......# #
##+####+#####^....#......#
#.....#####++# #.....# #.....#
#.....# #.....#


You could see Mennas.

Vanquished Creatures
  Arachne (Spider:2)
  A deep elf master archer (Elf:3)
  2 deep elf blademasters (Elf:3)
  A thorn hunter (Swamp:4)
  Frances (Swamp:1)
  Gastronok (Lair:1)
  Kirke (Lair:4)
  Donald (Swamp:1)
  An azure jelly (Elf:3)
  A fire giant (D:15)
  A frost giant (IceCv)
  3 ghost moths (Spider:4)
  An emperor scorpion (Spider:1)
  4 deep elf sorcerers
  5 deep elf elementalists
  An orc warlord (Orc:2)
  3 ironheart preservers (Vaults:1)
  2 stone giants (Vaults:2)
  4 deep elf demonologists (Elf:3)
  The ghost of XO4YCPATb the Bludgeoner, a journeyman MiFi of the Shining One (D:14)
  10 deep elf annihilators (Elf:3)
  A spark wasp (Spider:4)
  4 deep elf death magi (Elf:3)
  3 fire dragons
  Josephine (Swamp:1)
  A great orb of eyes (Vaults:2)
  8 vault guards (D:14)
  Fannar (D:11)
  Harold (Lair:4)
  19 hydras
  A ghost crab (Swamp:4)
  An ogre mage (Vaults:1)
  Erica (D:9)
  8 alligators
  A centaur warrior (Vaults:1)
  2 death knights
  24 dancing weapons
  A deep troll shaman (Vaults:1)
  5 orc high priests
  3 death yaks
  Urug (Lair:2)
  4 tengu warriors
  A deep troll earth mage (Vaults:1)
  2 spriggans
  17 deep elf knights
  Nergalle (D:10)
  A fire crab (Lair:6)
  11 skeletal warriors
  18 deep elf archers
  2 unseen horrors
  A wizard (D:10)
  2 deep trolls (Vaults:1)
  An ironbrand convoker (Vaults:1)
  2 necromancers (Vaults:1)
  4 shambling mangroves
  A spriggan druid (Swamp:4)
  7 swamp dragons
  6 lindwurms
  11 hill giants
  11 orc knights
  A wolf spider zombie (D:12)
  4 orc sorcerers (Orc:2)
  67 deep elf magi
  An ugly thing (D:11)
  25 wolf spiders
  10 orb spiders
  3 moths of wrath
  A salamander (shapeshifter) (D:13)
  5 cyclopes
  3 vault sentinels
  An ice statue (IceCv)
  A spiny frog (shapeshifter) (Vaults:1)
  6 black mambas
  2 centaur skeletons
  17 spiny frogs
  4 gargoyles
  3 molten gargoyles (Lair:6)
  An efreet (D:14)
  A tengu conjurer (D:13)
  A yaktaur zombie (Vaults:1)
  11 komodo dragons
  6 yaktaurs
  7 demonic crawlers
  2 freezing wraiths (D:12)
  9 trolls
  14 hornets
  18 jumping spiders
  19 polar bears
  9 bog bodies
  6 meliai
  4 tyrant leeches
  11 dream sheep
  6 two-headed ogres
  8 blink frogs
  10 slime creatures
  5 hippogriffs
  Sigmund (D:4)
  2 meliai zombies
  25 tarantellas
  2 air elementals (Elf:3)
  4 wyverns
  2 shadows
  54 redbacks
  3 hogs (Lair:4)
  3 water elementals
  2 large abominations (D:10)
  52 yaks
  5 fire elementals
  6 basilisks
  4 hungry ghosts
  7 wraiths
  A steam dragon (Lair:6)
  14 vampire mosquitoes
  2 human simulacra (Vaults:1)
  Menkaure (D:4)
  A soldier ant (shapeshifter) (Elf:3)
  11 insubstantial wisps
  11 swamp worms
  An acid dragon (D:15)
  13 water moccasins
  4 hell hounds (Lair:6)
  A deep troll skeleton (Vaults:1)
  6 porcupines
  6 swamp drakes
  Duvessa (D:4)
  2 black bears
  8 ice beasts
  43 orc warriors
  4 phantoms
  An eye of draining (D:10)
  2 human zombies (Vaults:1)
  2 sky beasts
  A slave (D:4)
  8 ogres
  24 wolves
  9 centaurs
  3 small abominations (D:10)
  13 crocodiles
  3 big kobolds
  13 bullfrogs
  6 earth elementals
  2 human skeletons (Vaults:1)
  Dowan (D:4)
  3 scorpions
  9 killer bees
  5 wights (D:13)
  3 howler monkeys
  3 lava snakes (Lair:6)
  An electric eel (Orc:2)
  9 crimson imps
  3 centaur zombies
  A bullfrog zombie (D:12)
  24 orc wizards
  7 hounds
  2 quasits
  22 orc priests
  3 jellies
  4 iguanas
  Ijyb (D:2)
  2 gnoll shamans
  7 worker ants
  A big kobold zombie (Ossuary)
  A hound zombie (D:7)
  2 mummies (Ossuary)
  2 worker ant zombies
  A howler monkey skeleton (D:7)
  14 gnolls
  15 adders
  3 shadow imps
  11 white imps (Lair:5)
  2 oozes
  2 adder skeletons
  3 adder zombies
  A worm (D:6)
  A dart slug (D:1)
  10 leopard geckos
  118 orcs
  A ball python (D:4)
  4 giant cockroaches
  10 goblins
  7 hobgoblins
  14 jackals
  6 quokkas
  5 bats
  3 frilled lizards
  2 goblin zombies (Ossuary)
  12 hobgoblin zombies (Ossuary)
  2 jackal zombies (Ossuary)
  22 kobolds
  8 kobold zombies (Ossuary)
  2 leopard gecko skeletons
  5 orc zombies (Ossuary)
  3 quokka zombies (D:8)
  9 rats
  A rat zombie (Ossuary)
  4 crawling corpses (Elf:3)
  2 fungi
1346 creatures vanquished.

Vanquished Creatures (collateral kills)
  3 emperor scorpions (Spider:4)
  4 deep elf annihilators
  2 deep elf high priests (Elf:3)
  3 hydras
  5 dancing weapons
  A deep elf knight (Elf:2)
  2 swamp dragons (Swamp:4)
  A deep elf archer (Elf:2)
  3 orb spiders
  8 deep elf magi
  An orc knight (Orc:2)
  A demonic crawler (Spider:1)
  2 hornets
  5 jumping spiders
  5 slime creatures (Swamp:4)
  A bog body (Swamp:4)
  3 large abominations (D:10)
  2 tarantellas (Spider:4)
  4 redbacks (Spider:4)
  A hog (Lair:4)
  2 swamp drakes (Swamp:4)
  4 orc warriors (Orc:2)
  3 small abominations (D:10)
  3 orc priests (Orc:2)
  An orc wizard (Orc:2)
  7 orcs (Orc:2)
77 creatures vanquished.

Vanquished Creatures (others)
  3 hydras
  6 death yaks
  A deep elf mage (Elf:3)
  4 spiny frogs
  2 black mambas
  A troll (D:10)
  2 polar bears (IceCv)
  A hornet (D:7)
  A hippogriff (Lair:2)
  A spriggan (D:7)
  2 tarantellas
  4 insubstantial wisps (Swamp:4)
  A water moccasin (Lair:4)
  A phantom (D:5)
  3 orc warriors (Bailey)
  2 wolves (IceCv)
  An ogre (D:7)
  2 crocodiles
  An elf zombie (Ossuary)
  A bullfrog (D:10)
  A gnoll sergeant (D:7)
  A small abomination (D:10)
  2 killer bees (D:8)
  A scorpion (D:5)
  A howler monkey (D:7)
  A crimson imp (D:6)
  A centaur zombie (D:5)
  2 orc priests
  2 orc wizards
  A bullfrog skeleton (D:4)
  An iguana (D:8)
  2 worker ants
  A hound skeleton (D:6)
  A gnoll (D:1)
  3 adders
  A white imp (Lair:5)
  7 orcs
  A bat (D:5)
  A rat zombie (Ossuary)
  5 fungi
  4 plants
80 creatures vanquished.

Grand Total: 1503 creatures vanquished

Notes
Turn   | Place    | Note
-------+----------+-------------------------------------------
     0 | D:1      | feito the Halfling Berserker began the quest for the Orb.
     0 | D:1      | Reached XP level 1. HP: 15/15 MP: 1/1
   244 | D:1      | Reached XP level 2. HP: 20/20 MP: 2/2
   698 | D:1      | Reached XP level 3. HP: 23/26 MP: 3/3
   863 | D:1      | Reached skill level 4 in Short Blades
   863 | D:1      | Reached skill level 1 in Stealth
  1100 | D:2      | Noticed Ijyb
  1110 | D:2      | Reached ** piety under Trog
  1142 | D:2      | Reached XP level 4. HP: 31/31 MP: 4/4
  1356 | D:2      | Killed Ijyb
  1356 | D:2      | Reached XP level 5. HP: 31/36 MP: 5/5
  1673 | D:3      | Reached XP level 6. HP: 42/42 MP: 6/6
  1772 | D:3      | Found a glowing silver altar of Zin.
  1774 | D:3      | Reached *** piety under Trog
  1904 | D:3      | Reached skill level 5 in Short Blades
  2298 | D:4      | Noticed Duvessa
  2319 | D:4      | Noticed Dowan
  2324 | D:5      | Entered Level 5 of the Dungeon
  2662 | D:5      | Noticed a sky beast
  2678 | D:5      | Killed a sky beast
  2678 | D:5      | Reached skill level 5 in Armour
  2678 | D:5      | Reached XP level 7. HP: 39/46 MP: 7/7
  2753 | D:4      | Found Igyta's Distillery.
  2767 | D:4      | Bought a potion of curing for 33 gold pieces
  2767 | D:4      | Bought a potion of invisibility for 88 gold pieces
  2822 | D:4      | Noticed Sigmund
  2825 | D:4      | Killed Sigmund
  2843 | D:4      | Noticed Pikel
  2845 | D:4      | Banished Pikel
  2845 | D:4      | Reached XP level 8. HP: 51/54 MP: 8/8
  2896 | D:4      | Noticed Menkaure
  2959 | D:4      | Killed Menkaure
  2959 | D:4      | Reached skill level 5 in Stealth
  3141 | D:4      | Found an iron altar of Okawaru.
  3215 | D:4      | Found a bloodstained altar of Trog.
  3564 | D:4      | Killed Dowan
  3564 | D:4      | Reached skill level 6 in Short Blades
  3574 | D:4      | Killed Duvessa
  3574 | D:4      | Reached XP level 9. HP: 58/58 MP: 9/9
  3707 | D:5      | Found a deep blue altar of Sif Muna.
  3851 | D:5      | Reached **** piety under Trog
  3964 | D:5      | Found a sacrificial altar of Ru.
  4327 | D:6      | Reached skill level 5 in Dodging
  4600 | D:6      | Found a blossoming altar of Fedhas.
  5001 | D:6      | Reached skill level 7 in Short Blades
  5216 | D:7      | Found a staircase to the Ecumenical Temple.
  5452 | D:7      | Reached XP level 10. HP: 63/63 MP: 10/10
  5877 | D:7      | Paralysed by a hornet for 1 turns
  6281 | D:8      | Found a blossoming altar of Fedhas.
  6282 | D:8      | Upgraded the game from 0.20-a0-259-gc929cd2 to 0.20-a0-261-gcb1eca7
  6290 | D:8      | Found a shadowy altar of Dithmenos.
  6326 | D:8      | Reached skill level 8 in Short Blades
  6351 | D:8      | Reached ***** piety under Trog
  6551 | D:8      | Found a sand-covered staircase.
  6571 | Ossuary  | Entered an ossuary
  6909 | D:8      | Got a brightly glowing rapier
  6910 | D:8      | Identified the cursed +0 rapier of Outrage {protect, *Corrode +Inv rF+++} (You found it on level 8 of the Dungeon)
  7167 | D:8      | Found Viesm's Weapon Shop.
  7627 | D:9      | Found a staircase to the Orcish Mines.
  7680 | D:9      | Reached skill level 9 in Short Blades
  7969 | D:9      | Got a ripped robe
  7980 | D:9      | Identified the +0 robe of Valour {+Inv Regen+ Dex+4} (You took it off an orc on level 9 of the Dungeon)
  8080 | D:9      | Noticed Erica
  8184 | D:9      | Reached skill level 5 in Fighting
  8219 | D:9      | Killed Erica
  8219 | D:9      | Reached skill level 1 in Evocations
  8219 | D:9      | Reached XP level 11. HP: 59/72 MP: 11/11
  8393 | D:10     | Entered Level 10 of the Dungeon
  8428 | D:10     | Noticed Nergalle
  8444 | D:10     | Killed Nergalle
  8641 | D:10     | Noticed a death yak
  8641 | D:10     | Noticed a death yak
  8671 | D:10     | Found a flagged portal.
  8723 | Bailey   | Entered a bailey
  8786 | Bailey   | Reached skill level 10 in Short Blades
  9773 | Bailey   | Received a gift from Trog
  9845 | Bailey   | Reached skill level 10 in Armour
 10420 | D:10     | Found a staircase to the Lair.
 10421 | D:10     | Noticed a death yak
 10558 | D:10     | Noticed a death yak
 10558 | D:10     | Noticed a death yak
 10728 | D:10     | Noticed a death yak
 10740 | D:11     | Banished a death yak
 10746 | D:11     | Killed a death yak
 11088 | D:10     | Banished a death yak
 11167 | D:10     | Killed a death yak
 11167 | D:10     | Reached skill level 11 in Short Blades
 11167 | D:10     | Reached XP level 12. HP: 53/80 MP: 14/14
 11367 | D:10     | Banished a death yak
 11394 | D:10     | Noticed a wizard
 11398 | D:10     | Killed a wizard
 11398 | D:10     | Reached skill level 10 in Stealth
 11829 | Lair:1   | Entered Level 1 of the Lair of Beasts
 11829 | Lair:1   | Noticed Gastronok
 11841 | Lair:1   | Killed Gastronok
 11889 | Lair:1   | Identified Mub Pebb's Grimoire of Changing and the Volcanoes
 12443 | Lair:1   | Found a deep blue altar of Sif Muna.
 13008 | Lair:2   | Noticed Urug
 13028 | Lair:2   | Killed Urug
 13028 | Lair:2   | Reached skill level 12 in Short Blades
 13103 | Lair:2   | You fall through a shaft!
 13103 | Lair:3   | Found a staircase to the Swamp.
 13420 | Lair:2   | Gained mutation: You are partially covered in large bone plates. (SH +4) [potion of mutation]
 13447 | Lair:2   | Identified a scroll of acquirement
 13449 | Lair:2   | Got a brightly glowing hat
 13455 | Lair:2   | Identified the +0 hat of the Iron Devil {rPois} (You acquired it on level 2 of the Lair of Beasts)
 13500 | Lair:2   | Reached XP level 13. HP: 88/88 MP: 4/16
 13549 | Lair:2   | Found a hole to the Spider Nest.
 13860 | Lair:3   | Reached skill level 5 in Evocations
 13963 | Lair:3   | Received a gift from Trog
 14133 | Lair:3   | Noticed a six-headed hydra
 14291 | Lair:3   | Banished a six-headed hydra
 14601 | Lair:4   | Noticed Harold
 14608 | Lair:4   | Killed Harold
 15068 | Lair:4   | Reached skill level 13 in Short Blades
 15478 | Lair:4   | Noticed a four-headed hydra
 15544 | Lair:4   | Noticed Kirke
 15791 | Lair:4   | Banished a four-headed hydra
 15958 | Lair:4   | Killed Kirke
 16084 | Lair:5   | Noticed an eight-headed hydra
 16095 | Lair:5   | Killed an eight-headed hydra
 16152 | Lair:5   | Reached XP level 14. HP: 63/98 MP: 18/18
 16296 | Lair:5   | Found a frozen archway.
 16382 | IceCv    | Entered an ice cave
 16567 | IceCv    | Received a gift from Trog
 16900 | IceCv    | Reached skill level 10 in Fighting
 16966 | IceCv    | Reached skill level 14 in Short Blades
 17095 | IceCv    | Noticed a frost giant
 17292 | IceCv    | Killed a frost giant
 17292 | IceCv    | Reached skill level 10 in Dodging
 17381 | IceCv    | Lost mutation: You are partially covered in large bone plates. (SH +4) [potion of cure mutation]
 17891 | Lair:6   | Entered Level 6 of the Lair of Beasts
 18034 | Lair:6   | Found a staircase to the Slime Pits.
 18100 | Lair:6   | Received a gift from Trog
 18870 | Lair:6   | Found a large runed door.
 18870 | Lair:6   | Found a large runed door.
 18982 | Lair:6   | Reached XP level 15. HP: 97/105 MP: 17/20
 19353 | Lair:6   | Got a transparent pewter ring
 19381 | Lair:6   | Identified the ring "Soiwnu Tero" {Ice rN+ MR+ Str-5 Stlth+} (You found it on level 6 of the Lair of Beasts)
 19567 | Orc:1    | Entered Level 1 of the Orcish Mines
 19732 | Orc:2    | Entered Level 2 of the Orcish Mines
 19775 | Orc:2    | Found a staircase to the Elven Halls.
 20151 | Orc:2    | Noticed an orc warlord
 20166 | Orc:2    | Reached skill level 15 in Short Blades
 20212 | Orc:2    | Received a gift from Trog
 20557 | Orc:2    | Killed an orc warlord
 20962 | Orc:2    | Found Fotiss's General Store.
 20963 | Orc:2    | Found Neniek's Jewellery Boutique.
 20965 | Orc:2    | Found Weocwi's Antique Armour Shop.
 20965 | Orc:2    | Found Tuiladil's Antique Weapon Shop.
 20970 | Orc:2    | Bought a scroll of teleportation for 48 gold pieces
 21688 | Orc:2    | Received a gift from Trog
 21919 | D:11     | Noticed Fannar
 21923 | D:11     | Killed Fannar
 23342 | D:12     | Found Deannuar's Distillery.
 23942 | D:13     | Reached skill level 5 in Slings
 23947 | D:13     | Reached ****** piety under Trog
 23947 | D:13     | Received a gift from Trog
 24036 | D:13     | Reached skill level 16 in Short Blades
 24036 | D:13     | Reached XP level 16. HP: 113/114 MP: 19/21
 24192 | D:13     | Found a glowing silver altar of Zin.
 24559 | D:13     | Reached skill level 1 in Shields
 24878 | D:14     | Noticed XO4YCPATb's ghost (journeyman MiFi)
 24896 | D:14     | Killed XO4YCPATb's ghost
 25316 | D:14     | Received a gift from Trog
 25604 | D:14     | Found a gate to the Vaults.
 26014 | D:15     | Entered Level 15 of the Dungeon
 26018 | D:15     | Found Veejom's General Store.
 26101 | D:15     | Found a staircase to the Depths.
 26102 | D:15     | Noticed a fire giant
 26140 | D:15     | Killed a fire giant
 26206 | D:15     | Found a sparkling altar of Nemelex Xobeh.
 26649 | D:15     | Reached skill level 17 in Short Blades
 27209 | Swamp:1  | Entered Level 1 of the Swamp
 27256 | Swamp:1  | Reached XP level 17. HP: 103/121 MP: 18/22
 27274 | Swamp:1  | Received a gift from Trog
 27323 | Swamp:1  | Reached skill level 10 in Slings
 27347 | Swamp:1  | Noticed Frances
 27357 | Swamp:1  | Noticed Josephine
 27370 | Swamp:1  | Killed Frances
 27400 | Swamp:1  | Killed Josephine
 27452 | Swamp:1  | Noticed Donald
 27459 | Swamp:1  | Killed Donald
 28491 | Swamp:3  | Received a gift from Trog
 28653 | Swamp:4  | Entered Level 4 of the Swamp
 29094 | Swamp:4  | Reached skill level 5 in Shields
 29160 | Swamp:4  | Reached skill level 18 in Short Blades
 29200 | Swamp:4  | Noticed a thorn hunter
 29244 | Swamp:4  | Killed a thorn hunter
 29327 | Swamp:4  | Reached XP level 18. HP: 99/129 MP: 21/23
 29573 | Swamp:4  | Got a decaying rune of Zot
 30079 | Elf:1    | Entered Level 1 of the Elven Halls
 30095 | Elf:1    | Received a gift from Trog
 30688 | Elf:1    | Received a gift from Trog
 30871 | Elf:1    | Got a steaming mace
 30872 | Elf:1    | Identified the cursed +1 mace "Rakioma" {antimagic, +Fly} (You found it on level 1 of the Elven Halls)
 31072 | Elf:2    | Received a gift from Trog
 31606 | Spider:1 | Entered Level 1 of the Spider Nest
 32186 | Spider:1 | Received a gift from Trog
 32470 | Spider:1 | Reached XP level 19. HP: 136/136 MP: 24/24
 32717 | Spider:2 | Got a fine sapphire amulet
 32720 | Spider:2 | Identified the amulet "Did Ming" {+Rage rF+ rC+ Slay+2} (You found it on level 2 of the Spider Nest)
 32795 | Spider:2 | Noticed Arachne
 32811 | Spider:2 | Killed Arachne
 33651 | Spider:3 | Reached skill level 19 in Short Blades
 34018 | Spider:4 | Entered Level 4 of the Spider Nest
 34500 | Spider:4 | Reached skill level 15 in Slings
 34629 | Spider:4 | Received a gift from Trog
 35010 | Spider:4 | Received a gift from Trog
 36131 | Spider:4 | Got a gossamer rune of Zot
 36893 | Elf:2    | Found a runed gate.
 36893 | Elf:2    | Found a runed gate.
 36893 | Elf:2    | Found a runed gate.
 37196 | Elf:2    | Reached skill level 10 in Shields
 37405 | Elf:2    | Reached XP level 20. HP: 144/144 MP: 19/25
 37947 | Elf:3    | Entered Level 3 of the Elven Halls
 38074 | Elf:3    | Reached skill level 15 in Fighting
 38122 | Elf:3    | Received a gift from Trog
 38864 | Elf:3    | Received a gift from Trog
 39102 | Elf:3    | Noticed a Hell Sentinel
 39115 | Elf:3    | Received a gift from Trog
 39627 | Elf:3    | Reached skill level 20 in Short Blades
 40169 | Elf:3    | Got a transparent jade ring
 40177 | Elf:3    | Identified the ring of Oxakoorod {+Fly rN+} (You took it off a deep elf demonologist on level 3 of the Elven Halls)
 40276 | Elf:3    | Got a faintly glowing amber ring
 40282 | Elf:3    | Identified the ring of Optimism {rF- rN+++ MR+ Str-5 Int+3} (You took it off a deep elf annihilator on level 3 of the Elven Halls)
 40439 | Elf:3    | Got a scorched lapis lazuli ring
 40600 | Elf:3    | Got a scorched copper ring
 40646 | Elf:3    | Received a gift from Trog
 40816 | Elf:3    | Reached XP level 21. HP: 151/152 MP: 24/26
 41045 | Elf:3    | Identified the ring "Seut" {-Tele rN++ Str+4 Int+5} (You took it off a deep elf elementalist on level 3 of the Elven Halls)
 41049 | Elf:3    | Identified the ring of Suspected Treachery {rCorr +Inv rN++ MR+ Int-4 SInv} (You took it off a deep elf blademaster on level 3 of the Elven Halls)
 41081 | Elf:3    | Got an uncursed smoking war axe {chop}
 41083 | Elf:3    | Identified the +6 war axe of Pandemonium {chop, Str+2 Int+2} (You found it on level 3 of the Elven Halls)
 41560 | Elf:3    | Got a smoking plate armour
 41575 | Elf:3    | Identified the +9 plate armour of the Comet {rPois} (You found it on level 3 of the Elven Halls)
 41615 | Elf:3    | Got an ancient morningstar {vamp}
 41616 | Elf:3    | Identified the +9 morningstar "Askyo" {vamp, Str+7 Dex+4} (You took it off a deep elf annihilator on level 3 of the Elven Halls)
 41670 | Elf:3    | Got a shimmering tin ring
 41691 | Elf:3    | Identified the ring "Disuv" {MP+9 Int+4} (You found it on level 3 of the Elven Halls)
 42337 | Vaults:1 | Entered Level 1 of the Vaults
 42496 | Vaults:1 | Received a gift from Trog
 42510 | Vaults:1 | Got a slimy rapier {god gift}
 42511 | Vaults:1 | Identified the +3 rapier "Qiubad" {freeze, +Fly} (Trog gifted it to you on level 1 of the Vaults)
 43003 | Vaults:1 | Found a roughly hewn altar of Beogh.
 43340 | Vaults:1 | Reached skill level 15 in Armour
 43655 | Vaults:2 | Noticed Mennas
 43674 | Vaults:2 | HP: 1/153 [Mennas/trishula of holy wrath (10)]
 43675 | Vaults:2 | Mangled by Mennas

Vault maps used:
D:1:      tarquinn_simple_flora_water_c, minmay_shallow_snake_nest
D:2:      first_bread, minmay_pentomino_p2, uniq_iyjb
D:3:      overflow_temple_1_default, serial_curves, eino_curves_01,
          eino_curves_04, kennysheep_generic_room_15
D:4:      old_standard_altar, serial_shops, shop, trog_butcher_becter,
          uniq_pikel, uniq_duvessa, uniq_sigmund, uniq_menkaure
D:5:      nicolae_ru_great_annihilating_truth, lemuel_blue_sif_altar
D:6:      basic_altar
D:7:      the_bakery
D:8:      kennysheep_mini_moat, enter_ossuary_4, serial_shops,
          kennysheep_little_box, grunt_decor_mini_mirrors,
          kennysheep_cluttered_room, fedhas_altar_2
D:9:      david_orc_2, uniq_erica
D:10:     dpeg_lair_monsters, enter_bailey_3, minmay_misc_feat_x, laboratory,
          uniq_nergalle
D:11:     uniq_fannar
D:12:     serial_shops, nicolae_shop_waterfront
D:13:     basic_altar, kennysheep_generic_room_9
D:14:     erik_vaults_2, minmay_misc_feat_nine_boxes
D:15:     grunt_enter_depths_giant_problem, nemelex_xobeh_ov_fountains_minmay,
          serial_shops, shop
Lair:1:   basic_altar, patterned_corridor, infiniplex_staircase_pool_2,
          uniq_gastronok
Lair:2:   dummy_spider_entry, lemuel_old_faithful, grunt_megastairs_2, uniq_urug
Lair:3:   swamp_mist, serial_bayou_shore_b
Lair:4:   grunt_megastairs_4, serial_bayou_shore_a, uniq_harold, uniq_kirke
Lair:5:   portal_ice_cave_entry_imps
Lair:6:   cheibrodos_lair_end_hotspot, slime_dummy, minmay_lindwurm_lava,
          infiniplex_staircase_pool
Swamp:1:  evilmike_swamp_ruin_house_4, uniq_frances, uniq_donald, uniq_josephine
Swamp:2:  evilmike_swamp_ruin_house_2, nicolae_swamp_dense_foliage
Swamp:3:  evilmike_swamp_ruin_rubble_2, swamp_pool4
Swamp:4:  swamp_alternative, swamp_pool3, nicolae_swamp_baby_hydras
Spider:1: hangedman_spider_tarantella_strand
Spider:2: hangedman_spider_mandibles, uniq_arachne
Spider:4: grunt_spider_rune_parallel
Orc:2:    st_orc_congregation, nicolae_orc_flooded_monolith
Elf:1:    eino_elf_arrival_the_gate, minmay_elf_annihilation
Elf:3:    minmay_elf_hall_spiked, grunt_megastairs_3
Vaults:1: ontoclasm_vaults_gateway, vaults_mumra_minichess,
          nicolae_vaults_bisected_inception, grunt_vaults_funnel,
          vaults_mumra_lcd, v_misc_27, vaults_room_grunt_arrival_ludios,
          special_room_vaults, v_misc_28, nicolae_vaults_mini_display_case,
          v_misc_16, vaults_room_stairs_pillars,
          nicolae_vaults_big_angled_halls, vaults_dpeg_spiral, serial_shops,
          nicolae_shop_trees
Vaults:2: vaults_mumra_chevron_long, nicolae_vaults_angled_halls,
          ontoclasm_vaults_shuriken, nicolae_vaults_network_s, v_misc_9,
          grunt_vaults_diagonal, nicolae_vaults_network_barrier,
          ontoclasm_vaults_misaligned, nicolae_vaults_angled_halls,
          vaults_mumra_minichess_inversion, grunt_vaults_hallway_long,
          uniq_mennas
Ossuary:  ossuary_tomb_1
Bailey:   bailey_polearm_flooded_kennysheep, bailey
IceCv:    ice_cave_caverns_01

Skill      XL: |  1  2  3  4  5  6  7  8  9 10 11 12 13 14 15 16 17 18 19 20 21 |
---------------+----------------------------------------------------------------+-----
Fighting       | 3 4 5 6 8 9 10 11 12 13 14 15 | 15.9
Short Blades   | 4 5 6 7 9 11 12 13 14 16 17 18 19 20 | 20.5
Stealth        | 1 2 3 4 5 7 9 10 11 12 | 12.9
Armour         | 3 5 6 7 9 10 11 12 13 14 15 | 15.0
Dodging        | 3 4 5 6 7 8 9 10 11 12 13 14 | 14.1
Evocations     | 1 3 4 6 7 |  7.0
Slings         | 5 9 12 14 15 16 | 16.5
Shields        | 3 5 8 10 11 12 | 12.4

Action                   |  1- 3 |  4- 6 |  7- 9 | 10-12 | 13-15 | 16-18 | 19-21 || total
-------------------------+-------+-------+-------+-------+-------+-------+-------++-------
Melee: Short sword       |    27 |       |       |       |       |       |       ||    27
       Dagger            |    43 |   152 |   254 |   746 |   447 |       |       ||  1642
       Quick blade       |       |       |       |       |  1156 |  1171 |  1370 ||  3697
       Cutlass           |       |       |       |       |   516 |  1176 |   676 ||  2368
       Rapier            |       |       |       |       |     5 |       |    12 ||    17
Throw: Tomahawk          |       |       |       |     2 |       |     8 |    88 ||    98
Invok: Berserk           |     3 |     3 |     4 |     3 |    11 |    14 |     5 ||    43
       Burn Spellbooks   |       |       |       |     1 |     3 |     7 |     3 ||    14
       Brothers in Arms  |       |       |       |     1 |     3 |     7 |     8 ||    19
       Trog's Hand       |       |       |       |       |     4 |     4 |     4 ||    12
 Abil: Evoke Flight      |       |       |       |       |       |       |     1 ||     1
Evoke: Wand              |       |       |       |     1 |       |       |     2 ||     3
       Phial of floods   |       |       |       |       |     1 |     1 |       ||     2
       Disc of storms    |       |       |       |       |     1 |       |       ||     1
       Fan of gales      |       |       |       |       |       |     1 |       ||     1
       Lamp of fire      |       |       |       |       |       |     1 |       ||     1
  Use: Scroll            |       |     4 |     1 |    22 |     4 |    10 |    11 ||    52
       Potion            |       |       |       |     7 |     5 |     3 |    10 ||    25
 Stab: Sleeping          |       |     3 |    12 |    43 |    51 |    56 |    32 ||   197
       Distracted        |       |       |       |     5 |     5 |     6 |    15 ||    31
       Confused          |       |       |       |       |       |       |     1 ||     1
  Eat: Chunk             |     5 |    13 |    12 |    14 |    29 |    10 |    19 ||   102
       Meat ration       |       |       |       |     2 |       |       |       ||     2
       Bread ration      |       |       |       |     1 |       |     5 |     4 ||    10
       Beef jerky        |       |       |       |       |     3 |     3 |     1 ||     7
       Pizza             |       |       |       |       |     3 |     1 |       ||     4
       Royal jelly       |       |       |       |       |     2 |       |       ||     2
       Fruit             |       |       |       |       |       |     9 |     9 ||    18
Armor: Animal skin       |     4 |       |       |       |       |       |       ||     4
       Ring mail         |     7 |    28 |    38 |   137 |   323 |   403 |   274 ||  1210
       Leather armour    |     1 |       |       |       |       |       |       ||     1
Dodge: Dodged            |    33 |    97 |   123 |   572 |  1145 |  1197 |   740 ||  3907
Block: Other             |       |       |       |     2 |    83 |       |       ||    85
       Buckler           |       |       |       |       |       |    86 |       ||    86
       Shield            |       |       |       |       |       |   578 |   761 ||  1339
       Reflection        |       |       |       |       |       |    13 |    26 ||    39
